Cogmind - Beta 13 @@@ ROGUE MODE // 2024.02.28 @ 15:07:02 Player: Treadwheel Result: Destroyed by DAS Turret with DAS Cannon Performance ------------- Evolutions (0) 0 Regions Visited (3) 600 Robots Destroyed (41) 205 Value Destroyed (967) 967 Prototype IDs (0) 0 Alien Tech Used (0) 0 Bonus (-41) -41 TOTAL SCORE: 1731 Bonus ------- Friendly Fire -41 Cogmind --------- Core Integrity 0/250 Matter 287/300 Energy 250/250 System Corruption 0% Temperature Cool (65) Movement Core (900) Ox17 Location -10/Exiles Parts ------- > --- POWER (1) -------- Ion Engine > --- PROPULSION (2) --- Armored Wheel > --- UTILITY (2) ------ High-capacity Storage Unit Structural Scanner > --- WEAPON (2) ------- Spread Laser Light Cannon > --- INVENTORY (20) --- Ion Engine Ion Engine Ion Engine Light Ion Engine Fission Core Light Fission Core Light Fission Core Light Treads Armored Wheel Armored Wheel Weight Redist. System Sensor Array Sensor Array Signal Interpreter Improved Terrain Scanner Seismic Detector Light Cannon Light Cannon Grenade Launcher Datajack Peak State ------------ > --- POWER ------------ Ion Engine > --- PROPULSION ------- Light Treads Armored Wheel > --- UTILITY ---------- High-capacity Storage Unit Structural Scanner > --- WEAPON ----------- Spread Laser Light Cannon > --- INVENTORY -------- Ion Engine Ion Engine Ion Engine Ion Engine Light Ion Engine Fission Core Light Fission Core Light Treads Armored Wheel Armored Wheel Weight Redist. System Sensor Array Sensor Array Signal Interpreter Improved Terrain Scanner Seismic Detector Light Cannon Light Cannon Grenade Launcher Datajack [Rating: 12] Favorites ----------- Power Ion Engine Engine Ion Engine Propulsion Light Treads Treads Light Treads Leg Aluminum Leg Wheel Armored Wheel Utility High-capacity Storage Unit Device Structural Scanner Storage High-capacity Storage Unit Processor Signal Interpreter Weapon Light Cannon Energy Gun Spread Laser Ballistic Gun Light Assault Rifle Ballistic Cannon Light Cannon Launcher Grenade Launcher Build | -11 -10 -10 -10 ------- Run | Yrd Mat Min Exi Slots Evolved . | . . . . Power . | . . . . Propulsion . | . . . . Utility . | . . . . Weapon . | . . . . Parts Attached 23 | 3 14 5 1 Power 5 | . 4 1 . Engine 5 | . 4 1 . Core . | . . . . Reactor . | . . . . Propulsion 4 | 2 2 . . Treads 2 | 1 1 . . Leg . | . . . . Wheel 2 | 1 1 . . Hover . | . . . . Flight . | . . . . Utility 7 | 1 3 3 . Device 4 | 1 1 2 . Storage 2 | . 2 . . Processor 1 | . . 1 . Hackware . | . . . . Protection . | . . . . Artifact . | . . . . Weapon 7 | . 5 1 1 Energy Gun 2 | . 1 . 1 Energy Cannon . | . . . . Ballistic Gun 2 | . 2 . . Ballistic Cannon 2 | . 2 . . Launcher 1 | . . 1 . Special Weapon . | . . . . Impact Weapon . | . . . . Slashing Weapon . | . . . . Piercing Weapon . | . . . . Special Melee Weapon . | . . . . Unidentified Prototypes . | . . . . Parts Lost 3 | . 2 . 1 Power . | . . . . Propulsion 3 | . 2 . 1 Utility . | . . . . Weapon . | . . . . Highest Loss Streak 1 | . 1 . 1 To Critical Strikes . | . . . . Average Slot Usage (%) 98 | . 97 100 100 Engine 14 | . 14 14 14 Treads 14 | . 14 14 14 Wheel 14 | . 14 14 14 Device 13 | . 13 13 14 Storage 14 | . 14 14 14 Energy Gun 9 | . 14 2 14 Ballistic Gun 3 | . 6 . . Ballistic Cannon 9 | . 5 14 14 Launcher 4 | . . 11 . Naked Turns . | . . . . Heaviest Build 52 | 15 52 52 52 Greatest Support 16 | 16 16 12 12 Greatest Overweight (x) 4 | . 4 4 4 Average Overweight (x) 3 | . 2 4 4 Largest Inventory Capacity 20 | 8 20 20 20 Average Capacity 17 | 8 16 20 20 Most Carried 20 | 7 20 20 20 Average Carried 15 | 6 13 19 19 Final Capacity 20 | 8 20 20 20 Final Carried 20 | 7 20 18 20 Class Distribution -------------------- 100% | Mutant Dominant Class ---------------- Mutant | -10/Materials Mutant | -10/Mines Mutant | -10/Exiles Resources | -11 -10 -10 -10 ----------- Run | Yrd Mat Min Exi Matter Collected 669 | 230 273 166 . Remotely . | . . . . Salvage Created 1012 | 39 837 100 36 Parts 89 | 6 72 8 3 Haulers Intercepted 2 | . 2 . . Recyclers Shooed . | . . . . Parts Field Recycled . | . . . . Retrieved Matter . | . . . . Parts Self-Destructed . | . . . . Prevented . | . . . . Kills | -11 -10 -10 -10 ------- Run | Yrd Mat Min Exi Combat Hostiles Destroyed 32 | . 24 8 . Guns 27 | . 24 3 . Cannons 5 | . . 5 . Classes Destroyed 9 | 1 6 2 . Builder 2 | . 2 . . Tunneler 2 | 2 . . . Hauler 2 | . 2 . . Operator 2 | . 2 . . Watcher 3 | . 3 . . Swarmer 9 | . 6 3 . Grunt 20 | . 18 2 . Demolisher 1 | . . 1 . Assembled 2 | . . 2 . Best Kill Streak 7 | 1 7 3 . Combat Bots Only 4 | . 4 3 . Max Kills in Single Turn 2 | 1 2 2 . Gunslinging . | . . . . Exploded . | . . . . Melee . | . . . . Uniques/NPCs Destroyed . | . . . . Combat | -11 -10 -10 -10 -------- Run | Yrd Mat Min Exi Hostile Shots Fired 128 | . 88 36 4 Missed 42 | . 28 12 2 Damage Taken 1112 | . 601 400 111 Core 262 | . 61 91 110 Absorbed by Shields . | . . . . Core Remaining (%) 100 | 100 . . . Volleys Fired 107 | 2 74 29 2 Largest 2 | 2 2 2 2 Hottest 100 | 80 100 100 100 Shots Fired 188 | 4 146 34 4 Gun 135 | 4 124 5 2 Cannon 53 | . 22 29 2 Launcher . | . . . . Special . | . . . . Kinetic 105 | . 74 29 2 Thermal 79 | . 72 5 2 Explosive . | . . . . Electromagnetic 4 | 4 . . . Robot Hit Streak 15 | 3 15 6 7 Robot Miss Streak 10 | . 10 8 2 Penetration Max . | . . . . Secondary Targets . | . . . . Shots Hit Robots 135 | 3 106 23 3 Core Hits 137 | 2 118 15 2 Critical Kills . | . . . . Critical Parts Destroyed . | . . . . Critical Strikes 1 | 1 . . . Corrupt 1 | 1 . . . Melee Attacks . | . . . . Impact . | . . . . Slashing . | . . . . Piercing . | . . . . Sneak Attacks . | . . . . Combat Hostiles . | . . . . Follow-up Attacks . | . . . . Damage Inflicted 1726 | 40 1227 406 53 Guns 1175 | 40 1058 44 33 Cannons 503 | . 169 314 20 Explosions 48 | . . 48 . Melee . | . . . . Ramming . | . . . . Kinetic 702 | . 368 314 20 Thermal 984 | . 859 92 33 Explosive . | . . . . Electromagnetic 40 | 40 . . . Impact . | . . . . Slashing . | . . . . Piercing . | . . . . Highest Corruption . | . . . . Average Corruption . | . . . . Corruption Purged . | . . . . Corruption Blocked . | . . . . Overload Shots . | . . . . Overflow Damage 18 | . . 18 . Projectiles . | . . . . Explosions 18 | . . 18 . Melee . | . . . . Knockbacks 10 | . 4 6 . Impact . | . . . . Kinetic 9 | . 3 6 . Secondary 1 | . 1 . . Self-Inflicted Damage . | . . . . Shots . | . . . . Rammed . | . . . . Targets Rammed . | . . . . Kicked . | . . . . Crushed . | . . . . Highest Temperature 306 | 18 306 195 65 Average Temperature 80 | 12 83 69 39 Received Heat Transfer 296 | . 237 59 . Effects 3 | . 3 . . Interference 3 | . 3 . . Siege Activations . | . . . . Robots Corrupted . | . . . . Combat Hostiles . | . . . . Parts Fried . | . . . . Impact Corruptions . | . . . . Robots Melted . | . . . . Combat Hostiles . | . . . . Parts Melted 1 | . . 1 . Heat Transferred 1230 | . 1080 110 40 Parts Sabotaged . | . . . . Parts Stolen . | . . . . Parts Stripped . | . . . . Power Chain Reactions . | . . . . Alert | -11 -10 -10 -10 ------- Run | Yrd Mat Min Exi Peak Influence 365 | 10 365 215 . Initial 109 | . 6 109 . Average 158 | 5 217 88 . Maximum Alert Level 1 | . 1 1 . Low Security (%) 52 | 100 28 81 . Level 1 47 | . 71 18 . Level 2 . | . . . . Level 3 . | . . . . Level 4 . | . . . . Level 5 . | . . . . High Security . | . . . . Max Security . | . . . . Squads Dispatched 6 | . 6 . . Investigation 3 | . 3 . . Extermination . | . . . . Reinforcement 3 | . 3 . . Assault . | . . . . Garrison . | . . . . Intercept . | . . . . Searches Triggered . | . . . . Construction Impeded . | . . . . Haulers Reinforced . | . . . . Active Scanning Responses . | . . . . Cargo Convoy Interrupts . | . . . . Stealth | -11 -10 -10 -10 --------- Run | Yrd Mat Min Exi Distress Signals 1 | . 1 . . Communications Jammed . | . . . . Distress Signals . | . . . . Times Spotted 47 | . 37 9 1 Peak Tracking Total 12 | . 5 3 12 Tactical Retreats 2 | . 1 . 1 Traps | -11 -10 -10 -10 ------- Run | Yrd Mat Min Exi Traps Triggered 3 | . 3 . . Indirectly . | . . . . Trap Hack Attempts . | . . . . Triggered . | . . . . Disarmed . | . . . . Reprogrammed . | . . . . Reused . | . . . . Traps Extracted . | . . . . Installed . | . . . . Triggered . | . . . . Machines | -11 -10 -10 -10 ---------- Run | Yrd Mat Min Exi Machines Disabled 1 | . . 1 . Max in Single Turn 1 | . . 1 . Machines Repaired . | . . . . Machines Dismantled . | . . . . Machines Sabotaged . | . . . . Overloaded Fab Kills . | . . . . Hacking | -11 -10 -10 -10 --------- Run | Yrd Mat Min Exi Machines Accessed 6 | . 6 . . Terminals 5 | . 5 . . Fabricators . | . . . . Repair Stations . | . . . . Recycling Units 1 | . 1 . . Scanalyzers . | . . . . Garrison Access . | . . . . Total Hacks 12 | . 12 . . Successful 7 | . 7 . . Failed 5 | . 5 . . Catastrophic 1 | . 1 . . Database Lockouts . | . . . . Manual 9 | . 9 . . Terminals 10 | . 10 . . Fabricators . | . . . . Repair Stations . | . . . . Recycling Units 2 | . 2 . . Scanalyzers . | . . . . Garrison Access . | . . . . Terminal Hacks 2 | . 2 . . Robot Analysis 1 | . 1 . . Hauler Manifests 1 | . 1 . . Fabricator Hacks . | . . . . Repair Station Hacks . | . . . . Recycling Unit Hacks 1 | . 1 . . Retrieve Components 1 | . 1 . . Scanalyzer . | . . . . Garrison Access Hacks . | . . . . Unauthorized Hacks 4 | . 4 . . Terminals 3 | . 3 . . Botnet 2 | . 2 . . Operators 1 | . 1 . . Fabricators . | . . . . Repair Stations . | . . . . Recycling Units 1 | . 1 . . Reject 1 | . 1 . . Scanalyzers . | . . . . Garrison Access . | . . . . Data Cores Recovered . | . . . . Used . | . . . . Hacking Detections 6 | . 6 . . Full Trace Events 1 | . 1 . . Feedback Events . | . . . . Feedback Blocked . | . . . . Robot Schematics Acquired . | . . . . Robots Built . | . . . . Authchips . | . . . . Time . | . . . . Total Robot Build Rating . | . . . . Part Schematics Acquired . | . . . . Parts Built . | . . . . Authchips . | . . . . Time . | . . . . Total Part Build Rating . | . . . . Parts Repaired . | . . . . Time . | . . . . Parts Recycled . | . . . . Recycled Matter . | . . . . Retrieved Matter . | . . . . Retrieved Components . | . . . . Parts Scanalyzed . | . . . . Part Schematics Acquired . | . . . . Parts Damaged . | . . . . Bothacking | -11 -10 -10 -10 ------------ Run | Yrd Mat Min Exi Used RIF Installer . | . . . . Robots Hacked . | . . . . Non-combat . | . . . . Combat . | . . . . Robot Hacks Applied . | . . . . Relay Couplers Released . | . . . . Fabnet Peak Effective % . | . . . . Robots Rewired . | . . . . Allies Hacked . | . . . . Hacks Repelled . | . . . . Allies | -11 -10 -10 -10 -------- Run | Yrd Mat Min Exi Total Allies . | . . . . Largest Group . | . . . . Highest-Rated Group . | . . . . Highest-Rated Ally . | . . . . Total Orders . | . . . . Ally Attacks . | . . . . Total Damage . | . . . . Kills . | . . . . Allies Corrupted . | . . . . Allies Melted . | . . . . Intel | -11 -10 -10 -10 ------- Run | Yrd Mat Min Exi Robot Analysis Total 1 | . 1 . . Derelict Logs Recovered 2 | . . 2 . Drone Launches . | . . . . Drone Recoveries . | . . . . Exploration | -11 -10 -10 -10 ------------- Run | Yrd Mat Min Exi Turns Passed 3047 | 66 1574 1176 231 Spaces Moved 1754 | 44 897 666 147 Core . | . . . . Treads . | . . . . Legs . | . . . . Wheels 1754 | 44 897 666 147 Hover . | . . . . Flight . | . . . . Fastest Speed 100 | 100 100 150 150 Average Speed 140 | 100 133 150 150 Slowest Speed 150 | 100 150 150 150 Overloaded Moves . | . . . . Propulsion Burnouts . | . . . . Robots Hopped . | . . . . Cave-ins Triggered . | . . . . Exploration Rate (%) 61 | 4 94 98 48 Regions Visited 3 Branch Regions 2 Pre-discovered Areas 1 | . . 1 . Known Exits Taken 1 | . . 1 . Unknown Exits Taken 2 | 1 1 . . Scrap Searched 1 | . . 1 . Spaces Dug . | . . . . Terrain Destroyed 6 | . . 6 . Melee . | . . . . Projectile . | . . . . AOE 6 | . . 6 . Terrain Rammed . | . . . . Walls Destroyed . | . . . . Machines Disabled . | . . . . Actions | -11 -10 -10 -10 --------- Run | Yrd Mat Min Exi Total 2164 | 60 1141 809 154 Wait 248 | 11 133 104 . Move 1751 | 43 896 665 147 Hop . | . . . . Pick Up 19 | 1 13 2 3 Fast Attach 6 | 1 5 . . Attach 3 | . 3 . . Detach 3 | . 3 . . Swap 14 | 2 6 5 1 Drop 13 | . 8 4 1 Fire 107 | 2 74 29 2 Melee . | . . . . Ram . | . . . . Kick . | . . . . Crush . | . . . . Escape Stasis . | . . . . Rewire . | . . . . Trap . | . . . . Miscellaneous . | . . . . Route ------- -11/Scrapyard -10/Materials (discovered 5 exits: *Mat x3 / [*Min x2]) -10/Mines (discovered 3 exits: *Mat x2 / *Exi) -10/Exiles (discovered 1 exit: [*Min]) History --------- Turn | Location | Event 7 | -11/Scrapyard | Discovered new exit (range 2) 67 | -11/Scrapyard | Entered Materials 309 | -10/Materials | Build established: Mutant 524 | -10/Materials | Discovered new exit (range 16) 824 | -10/Materials | Discovered new exit (range 10) 1103 | -10/Materials | Discovered new exit (range 9) 1358 | -10/Materials | Discovered new exit (range 15) 1623 | -10/Materials | Discovered new exit (range 12) 1641 | -10/Materials | Entered Mines 1805 | -10/Mines | Assembled infested the area 1976 | -10/Mines | Learned location of Mines (-9) 2009 | -10/Mines | Deemed a non-threat by the Exiles lab entrance 2009 | -10/Mines | Discovered new exit (range 5) 2033 | -10/Mines | Discovered new exit (range 4) 2040 | -10/Mines | Identified exit to Materials 2060 | -10/Mines | Identified exit to Exiles 2236 | -10/Mines | Discovered exit to Materials (range 7) 2285 | -10/Mines | Learned location of 1 exit from Materials 2389 | -10/Mines | Core integrity fell below 50% 2817 | -10/Mines | Entered Exiles 2838 | -10/Exiles | Discovered new exit (range 15) 2909 | -10/Exiles | Met 8R-AWN 2930 | -10/Exiles | Met EX-HEX 2995 | -10/Exiles | Met EX-DEC 3044 | -10/Exiles | Attacked by the Exiles 3048 | -10/Exiles | Core integrity fell below 20% 3048 | -10/Exiles | Destroyed by DAS Turret with DAS Cannon Last Messages --------------- EX-HEX: I assure you this isn't what it looks like. We're just trying to learn more about the Assembled. They're clearly not of 0b10 construction, and their tech is weird, seemingly copying a wide array of components of other bots with little pattern or logic. It's almost like the early stages of some sort of... evolution. I'd love to just go ask the Imprinter what all this is about, she must know something, but I doubt that would end well. The Zionites will tell you those Marauders at the gates are defenses set up by Warlord... Nope, the Imprinter put them there mostly to keep us out! Anyway, I've got to get back to poking and prodding these nasty little guys. Go see BIN. I can't imagine you'll want to stay in our boring little cave for long, and we could use some help with the project in the back. EX-DEC: Ah I see we have a visitor. One wrong move in here and I'll invert your atomic chain! 02997_ EX-DEC: "Oops, I hope HEX didn't hear that..." 03043_ A-02 Transporter destroyed. 03044_ EXILES: Hostile robot within lab perimeter. Defensive protocols time, folks! 03046_ Machine disabled. 03048_ Lgt. Treads destroyed. Map ----- +----------------------------------------------------+ | ??????????????" ???????????##" ?????????????? | | ????????????? ?????????###" "?????????????? | | ?????????????"" ????????####" ##?????????????? | | ???????????#### ###########"" ##?????????????? | | ???????######## ##########"" ###????????????? | | ??????""#####X# #"###""""""" ####?########### | | ????? """""" " "" ############### | | ????? "" """ " #####""""""""" | | ???? " " " """ """ | | ???? "" " | | ???# " " | | ???## " | | ???### " | | ????###" | | ????###""" """""" | | ????###" ######""" | | ????##"" ""###########""" | | ????##""" """####??#######""" | | ???##""" """####???????###"""" | | ???##""" ""########??####"" | | ???##"" ##############"""" | | ???##""" ##%aa####""" | | ???##"" !!= """" | | ???###"" | | ???###"""" | | ????### z @ " | | ?????##" c %" " """ | | ?????##"""" ""## ##""" " " ""#" | | ?????##"" ""#### ######""" """##""" | | ?????##" """"#####? ##?#####"""?###### | | ?????##""" """###????????######???##### | | ?????### ""###???????????####???????? | | ?????###"" """####??????????????????????? | | ??????###""" ####???????????????????????? | | ??????####"""" ####????????????????????????? | | ???????##### ###?????????????????????????? | | ????????######## ###??????????????????????????? | | ??????????####### ###??????????????????????????? | | ??????????????### ##???????????????????????????? | | ???????????????## ##???????????????????????????? | | ???????????????## ##???????????????????????????? | | ???????????????## ##???????????????????????????? | | ???????????????## ##???????????????????????????? | | ???????????????## ##???????????????????????????? | | ???????????????## ##???????????????????????????? | | ???????????????## ##???????????????????????????? | | ???????????????## ##???????????????????????????? | | ???????????????## ##???????????????????????????? | | ????????????????? ""???????????????????????????? | | ????????????????? ?????????????????????????????? | +----------------------------------------------------+ Best States ------------- Heat Dissipation 25 Energy Generation 10 Energy Capacity 250 Matter Stores 300 Matter Capacity 300 Sight Range 16 Robot Scan Range 14 Terrain Scan Density 10 Evasion (%) 40 Recoil Reduction 1 Item Schematics ----------------- None Robot Schematics ------------------ None Fabricated ------------ Nothing Alien Tech Used ----------------- None Achievements -------------- None Challenges ------------ None Game ------ Seed ReactiveEfficiencyShielding Manual? 0 Play Time 00:41:06 Cumulative 43.0 hours Start 2024.02.27 @ 15:39:54 End 2024.02.28 @ 15:07:02 Sessions 4 Manual Loads 0 Difficulty Rogue Special Mode None Game No. 21 Rogue 21 Adventurer 0 Explorer 0 Win Type - Total 1 Types 1/0/0/0/0/0/0/0/0 Lore% 26 Gallery% 41 Achievement% 34 Wizard Run 0 Options --------- Layout 0 ASCII 0 Keyboard 0 Movement Numpad Keybinds 0 Fullscreen 1 Font 12/Smallcaps Map View 83x54 Zoom Use 0% Tactical HUD 1 Map Filters NONE Filters NONE Steam 1 RUN: fb4e6bbc-9b9d-4e58-8875-da94792f6ed1